AoeStats
← damiansima

Black Forest

510017453Analyzed
4v4 RM · 4d ago on Sep 29, 2026· 45m 32s· 8 players
Game mode
Random Map
Map size
Large (8 player)
Population
200
Speed
Normal
Resources
Standard
Victory
Conquest
Starting age
Dark Age
Ending age
Imperial Age
RankedLock teamsTeams togetherTeam positionsShared explorationLock speedFull tech treeHidden civsTurbo modeCheats
Victory
Defeat
🇧🇷 Khmer · Brazil
1160
+14
1142
+15
🇬🇹 Berbers · Guatemala
1134
+15
🇦🇷 Danes · Argentina
1118
+15
🇲🇽 Lithuanians · Mexico
1141
-16
🇲🇽 Ethiopians · Mexico
1136
-16
🇳🇱 Italians · Netherlands
1090
-14
🇺🇸 Byzantines · United States
1075
-13
damiansima
12:43 Feudal Age
16:53 Castle Age
15:07 Double-Bit Axe
15:04 Horse Collar
16:43 Gold Mining
18:03 Bow Saw
20:11 Wheelbarrow
19:23 Loom
25:37 Squires
25:23 Arson
25:33 Pikeman
26:15 Scale Mail Armor
26:26 Forging
29:00 Hand Cart
28:30 Town Watch
32:06 Imperial Age
29:29 Stone Mining
30:40 Gold Shaft Mining
31:10 Chain Mail Armor
31:31 Iron Casting
32:30 Capped Ram
32:38 Onager
33:51 Plate Mail Armor
34:22 Blast Furnace
34:25 Chemistry
33:45 Ballistics
33:03 Halberdier
34:32 Conscription
33:59 Elite Varangian Guard
35:59 Fletching
36:11 Heavy Plow
36:47 Stone Shaft Mining
36:07 Siege Onager
36:45 Siege Ram
36:50 Northmen's Fury
38:26 Heavy Scorpion
44:34 Hoardings
Eyaculador de Poemas
0:26 Loom
12:11 Feudal Age
13:59 Horse Collar
14:08 Double-Bit Axe
17:37 Castle Age
16:14 Fletching
17:55 Padded Archer Armor
22:10 Wheelbarrow
25:36 Caravan
27:56 Hand Cart
27:27 Town Watch
28:50 Ballistics
32:43 Imperial Age
30:54 Fervor
32:01 Chemistry
30:57 Murder Holes
31:13 Masonry
31:02 Bodkin Arrow
32:30 Wagenburg Tactics
32:40 Heavy Plow
32:52 Bow Saw
33:03 Leather Archer Armor
33:44 Conscription
33:28 Bracer
33:50 Houfnice
34:11 Elite Skirmisher
35:29 Ring Archer Armor
ViChoc
0:48 Loom
11:56 Feudal Age
12:33 Man-at-Arms
15:01 Fletching
20:51 Double-Bit Axe
25:04 Castle Age
23:53 Stone Mining
30:46 Fishing Lines
31:40 Bow Saw
32:08 Wheelbarrow
31:36 Kasbah
32:15 Gold Mining
33:01 Stone Shaft Mining
32:09 Horse Collar
36:25 Imperial Age
34:05 Town Watch
35:56 Hand Cart
35:41 Town Patrol
37:58 Heavy Plow
38:41 Conscription
38:21 Maghrebi Camels
37:57 Heavy Camel Rider
38:38 Husbandry
38:48 Bloodlines
41:47 Forging
41:37 Scale Mail Armor
43:42 Iron Casting
43:22 Chain Mail Armor
43:13 Scale Barding Armor
45:36 Gold Shaft Mining
kivul
7:41 Loom
10:53 Feudal Age
14:51 Castle Age
12:39 Double-Bit Axe
12:34 Horse Collar
16:10 Bow Saw
16:00 Heavy Plow
20:20 Gold Mining
20:27 Stone Mining
22:51 Gold Mining
23:40 Wheelbarrow
24:39 Gold Shaft Mining
28:09 Imperial Age
25:57 Hand Cart
26:21 Stone Shaft Mining
29:30 Scale Barding Armor
29:36 Forging
30:07 Husbandry
30:17 Bloodlines
29:29 Elite Battle Elephant
30:34 Conscription
30:16 Double Crossbow
29:36 Elite Ballista Elephant
31:30 Caravan
32:29 Iron Casting
31:15 Light Cavalry
33:09 Chain Barding Armor
33:17 Hussar
36:06 Chemistry
35:59 Ballistics
38:47 Blast Furnace
38:22 Plate Barding Armor
44:56 Crop Rotation
Abraham16034735
0:34 Loom
11:48 Feudal Age
17:53 Castle Age
16:44 Double-Bit Axe
19:25 Bow Saw
19:55 Horse Collar
24:20 Wheelbarrow
23:34 Town Watch
25:21 Stone Mining
26:19 Bloodlines
27:32 Scale Barding Armor
28:16 Heavy Plow
29:04 Hand Cart
31:52 Chain Barding Armor
31:44 Forging
31:38 Husbandry
35:05 Imperial Age
32:40 Gold Mining
34:45 Iron Casting
36:25 Conscription
38:15 Chemistry
37:57 Cavalier
40:17 Plate Barding Armor
[GDL] Doña Pelos
6:34 Loom
12:03 Feudal Age
15:48 Castle Age
13:43 Double-Bit Axe
14:08 Gold Mining
14:30 Horse Collar
14:39 Fishing Lines
14:41 Horse Collar
18:40 Bow Saw
20:07 Wheelbarrow
21:55 Heavy Plow
22:59 Gillnets
25:41 Hand Cart
26:34 Gold Shaft Mining
25:50 Stone Mining
26:56 Fletching
27:06 Padded Archer Armor
30:38 Imperial Age
27:52 Crossbowman
28:40 Caravan
28:55 Town Watch
29:35 Ballistics
29:58 Bodkin Arrow
30:19 Leather Archer Armor
30:42 Arbalester
32:45 Two-Man Saw
32:48 Chemistry
31:16 Capped Ram
32:24 Conscription
32:43 Bracer
33:17 Thumb Ring
34:32 Siege Engineers
37:10 Royal Heirs
38:00 Elite Shotel Warrior
39:58 Onager
41:39 Ring Archer Armor
Preft
2:58 Loom
13:21 Feudal Age
13:47 Double-Bit Axe
13:44 Horse Collar
14:23 Gold Mining
18:40 Castle Age
17:04 Stone Mining
20:13 Bow Saw
20:05 Heavy Plow
32:23 Imperial Age
30:34 Wheelbarrow
30:36 Forging
30:26 Scale Mail Armor
30:27 Padded Archer Armor
31:34 Gold Shaft Mining
32:08 Hand Cart
31:54 Pikeman
32:34 Squires
32:52 Chain Mail Armor
33:12 Iron Casting
32:27 Fletching
34:11 Two-Man Saw
34:03 Crop Rotation
35:09 Chemistry
34:29 Ballistics
33:38 Halberdier
34:51 Plate Mail Armor
34:07 Elite Skirmisher
35:05 Leather Archer Armor
37:31 Conscription
37:14 Bodkin Arrow
40:56 Ring Archer Armor
41:18 Bracer
Lunakik
2:21 Loom
11:28 Feudal Age
14:17 Gold Mining
18:36 Castle Age
17:48 Double-Bit Axe
18:44 Wheelbarrow
18:39 Horse Collar
26:57 Bow Saw
27:07 Heavy Plow
27:27 Hand Cart
27:31 Stone Mining
29:17 Light Cavalry
30:08 Bloodlines
29:55 Fletching
30:11 Scale Barding Armor
30:41 Husbandry
31:31 Stone Shaft Mining
31:35 Elite Skirmisher
33:05 Bodkin Arrow
33:10 Padded Archer Armor
33:32 Chain Barding Armor
34:09 Thumb Ring
35:00 Silk Road
Connection lost

Rejoining the realm…

Still unreachable

The connection could not be restored.

Session expired

The server has moved on; the page needs a fresh start.